 Seeded DCSS version 0.29-a0-664-gff9cad4a3d (webtiles) character file.

Game seed: 12781424815227474791 (custom seed)

293 zeratav the Stinger (level 6, 0/53 HPs)
             Began as an Ogre Venom Mage on June 22, 2022.
             Slain by Grinder (1 damage)
             ... on level 3 of the Dungeon.
             The game lasted 00:06:05 (2915 turns).

zeratav the Stinger (Ogre Venom Mage)               Turns: 2915, Time: 00:06:06

Health: 0/53       AC:  3    Str: 15    XL:     6   Next: 33%
Magic:  8/9        EV:  9    Int: 16    God:
Gold:   123        SH:  0    Dex:  9    Spells: 8/9 levels left

rFire   . . .      SeeInvis .   g - +2 short sword (venom) {short}
rCold   . . .      Faith    .   (no shield)
rNeg    . . .      Spirit   .   a - +0 robe
rPois   .          Reflect  .   (helmet restricted)
rElec   .          Harm     .   (no cloak)
rCorr   .          Rampage  .   (gloves unavailable)
Will    .....                   (boots unavailable)
Stlth   +.........              (no amulet)
HPRegen 0.17/turn               (no ring)
MPRegen 0.11/turn               (no ring)

@: mighty
A: large, unfitting armour, tough skin 1
a: no special abilities


You were on level 3 of the Dungeon.
You visited 1 branch of the dungeon, and saw 3 of its levels.

You collected 123 gold pieces.


Innate Abilities, Weirdness & Mutations

You are too large for most types of armour.
You have tough skin. (AC +1)


   Skills:
 - Level 1.7 Dodging
 - Level 1.4 Stealth
 - Level 2.4 Spellcasting
 - Level 0.8 Transmutations
 + Level 6.3 Poison Magic


You had 8 spell levels left.
You knew the following spells:

 Your Spells              Type           Power      Damage    Failure   Level
a - Sting                 Tmut/Pois      52%        1d5       4%          1

Your spell library contained the following spells:

 Spells                   Type           Power      Damage    Failure   Level
 Poisonous Vapours        Pois/Air       24%        N/A       9%          2
 Olgreb's Toxic Radiance  Pois           22%        N/A       14%         4
 Summon Small Mammal      Summ           4%         N/A       21%         1
 Mephitic Cloud           Conj/Pois/Air  8%         N/A       26%         3
 Call Canine Familiar     Summ           1%         N/A       52%         3
 Summon Guardian Golem    Hex/Summ       1%         N/A       52%         3

Inventory:

Hand Weapons
 g - a +2 short sword of venom (weapon) {short}
   (You took it off a kobold on level 1 of the Dungeon)
Missiles
 p - 6 poisoned darts {throwing}
Armour
 a - a +0 robe (worn)
 q - a +1 robe of resistance
   (You took it off Sigmund on level 3 of the Dungeon)
Jewellery
 k - an amulet of faith {!P}
   (You found it on level 3 of the Dungeon)
 l - a ring of fire
   (You found it on level 3 of the Dungeon)
Scrolls
 c - 3 scrolls of identify {unknown}
 h - a scroll of teleportation {unknown}
 i - a scroll of brand weapon {unknown}
 m - a scroll of vulnerability {unknown}
 n - a scroll of enchant weapon {unknown}
Potions
 b - a potion of magic
 d - 3 potions of curing {unknown}
 e - 2 potions of lignification {unknown}
 j - a potion of attraction {unknown}
 o - a potion of degeneration {unknown}

Dungeon Overview and Level Annotations

Branches:
Dungeon (3/15) Zot: 15067

Altars:
Yredelemnul
Zin

Annotations:
D:3 3 runed translucent doors, Dordric's ghost, amateur TrMo; Grinder

.####.# #.#
#..(............# ...(..#
#.# #.(.............#
#####.# #.#
#.####...######## #.# #.#
###.# #..## #.# #.###.#.#
#..##
#.####.##.#..####...##..
#........###>.._.....(...
######....#.............#
#####.#@##########.#
###5....... # #########


You could see Grinder (strong, poisoned).


Message History

Aim: Sigmund, wielding a +2 scythe of freezing and wearing a +1 robe of resistance (almost dead, extremely poisoned, 68% to hit)
The sting hits Sigmund.
Sigmund looks as sick as possible!
You kill Sigmund!
Your Poison Magic skill increases to level 6!
You have reached level 6!
You feel stronger.
HP[+4] MP[-1]
You now have 53 max hp (+8).
You regained 4 hp, and now have 25/53 hp.
You start resting.
An endoplasm comes into view.
HP[+14] MP[+4]
You regained 14 hp, and now have 39/53 hp.
Your mp is fully restored (9).
Things that are here:
a +2 scythe of freezing {polearm}; a +1 robe of resistance; the human corpse of Sigmund The endoplasm quivers.
You hit the endoplasm. The endoplasm freezes you.
You are frozen.
HP[-4]
You take 4 damage, and now have 35/53 hp.
You hit the endoplasm.
You kill the endoplasm!
HP[+1]
q - a +1 robe of resistance
Things that are here:
a +2 scythe of freezing {polearm}; the human corpse of Sigmund You start resting.
Dordric's ghost whispers, "Death is liberation."
Dordric's ghost shrieks, "Death is your only future!"
Dordric's ghost wails.
HP[+17]
Your hp is fully restored (53).
p - 4 poisoned darts {throwing} (gained 1)
p - 5 poisoned darts {throwing} (gained 1)
p - 6 poisoned darts {throwing} (gained 1)
There is a glowing silver altar of Zin here.
Grinder comes into view.
Grinder shouts!
Casting: Sting (safe; 4% risk of failure)
Confirm with . or Enter, or press ? or * to list all spells.
Aiming: Sting (safe; 4% risk of failure)
Press: ? - help, Shift-Dir - straight line, f - Grinder
Aim: Grinder (68% to hit)
The sting hits Grinder.
Grinder is poisoned.
Grinder gestures at you.
You suddenly lose the ability to move!
Grinder blinks!
You can move again.
MP[-1]
You lost 1 mp, and now have 8/9 mp.
Casting: Sting (safe; 4% risk of failure)
Confirm with . or Enter, or press ? or * to list all spells.
Aiming: Sting (safe; 4% risk of failure)
Press: ? - help, Shift-Dir - straight line, f/p - Grinder
Aim: Grinder (lightly wounded, poisoned, 68% to hit)
The sting hits Grinder.
Grinder partially resists.
Grinder looks even sicker.
Grinder barely misses you.
MP[-1]
You lost 1 mp, and now have 7/9 mp.
You barely miss Grinder. Grinder barely misses you.
You hit Grinder. Grinder closely misses you.
You hit Grinder. You punch Grinder, but do no damage.
Grinder says, "Mostly I couldn't keep them alive."
Grinder drinks a potion.
Grinder seems to grow stronger.
Grinder gestures at you.
You suddenly lose the ability to move!
Grinder hits you!
You writhe in agony.
Grinder hits you!
You can move again.
HP[-24] MP[+1]
You take 24 damage, and now have 29/53 hp.
MASSIVE DAMAGE!! (PAUSE) Unknown command.
You feel very mighty all of a sudden. Grinder closely misses you.
HP[+1] Unknown command.
You barely miss Grinder. Grinder gestures at you.
Pain shoots through your body!
* * * LOW HITPOINT WARNING * * *
HP[-14]
You take 14 damage, and now have 16/53 hp.
MASSIVE DAMAGE!! (PAUSE)
You barely miss Grinder. Grinder hits you!
* * * LOW HITPOINT WARNING * * *
You writhe in agony.
* * * LOW HITPOINT WARNING * * *
HP[-15]
You take 15 damage, and now have 1/53 hp.
MASSIVE DAMAGE!! (PAUSE)
You closely miss Grinder. Grinder gestures at you. You resist with some effort.
You completely miss Grinder. Grinder barely misses you.
You puncture Grinder! Your punch misses Grinder. Grinder hits you.
You die...

Skill      XL: |  1  2  3  4  5 |
---------------+----------------+-----
Poison Magic   | 3 4 5 6 |  6.3
Dodging        | |  1.7
Stealth        | |  1.4
Spellcasting   | |  2.4
Transmutations | |  0.8

Action                   |  1- 3 |  4- 6 || total
-------------------------+-------+-------++-------
Melee: Short sword       |     9 |    94 ||   103
       Punch             |       |     1 ||     1
Throw: Dart              |       |     4 ||     4
 Cast: Sting             |    11 |     8 ||    19
  Use: Potion            |       |     1 ||     1
 Stab: Sleeping          |       |     1 ||     1
Armor: Robe              |     2 |    43 ||    45
Dodge: Dodged            |     5 |    68 ||    73

Levels and vault maps discovered:
D:1:      zaba_arrival_water, layout_loops_ring, ebering_ecumenical_altar_webs,
          item_on_display_a
D:2:      layout_basic, interstate_on_off, hangedman_abyss_or_decor_lesser_grid,
          minmay_domino_2
D:3:      layout_loops_ring, mainiacjoe_overflow_alcove_1,
          overflow_temple_1_default, lemuel_doored_altar, gammafunk_ghost_split,
          minmay_checkerbox, uniq_sigmund, uniq_grinder

Notes
Turn   | Place    | Note
-------+----------+-------------------------------------------
     0 | D:1      | zeratav the Ogre Venom Mage began the quest for the Orb.
     0 | D:1      | Reached XP level 1. HP: 16/16 MP: 3/3
     0 | D:1      | magus.rc [v1.9.6]
   333 | D:1      | Found a faded altar of an unknown god.
   339 | D:1      | Reached skill level 3 in Poison Magic
   410 | D:1      | Reached XP level 2. HP: 24/24 MP: 1/5
   778 | D:2      | Noticed a scorpion
   781 | D:2      | Killed a scorpion
   782 | D:2      | Reached skill level 4 in Poison Magic
   782 | D:2      | Reached XP level 3. HP: 31/31 MP: 3/6
   782 | D:2      | Reached XP level 4. HP: 39/39 MP: 3/7
  1413 | D:2      | You pick up a book of Callings and begin reading...
  1413 | D:2      | You add the spells Summon Small Mammal, Call Canine
                  | Familiar and Summon Guardian Golem to your library.
  2150 | D:3      | Reached skill level 5 in Poison Magic
  2201 | D:3      | Reached XP level 5. HP: 45/45 MP: 8/8
  2221 | D:3      | Found a basalt altar of Yredelemnul.
  2296 | D:3      | Found a glowing silver altar of Zin.
  2306 | D:3      | Found a runed translucent gate.
  2307 | D:3      | Found a runed translucent gate.
  2308 | D:3      | Found a runed translucent gate.
  2329 | D:3      | Noticed Dordric's ghost (amateur TrMo)
  2345 | D:3      | Noticed Sigmund
  2381 | D:2      | HP: 11/45 [adder (2)]
  2691 | D:3      | Killed Sigmund
  2692 | D:3      | Reached skill level 6 in Poison Magic
  2692 | D:3      | Reached XP level 6. HP: 25/53 MP: 5/9
  2900 | D:3      | Noticed Grinder
  2901 | D:3      | Paralysed by Grinder for 3 turns
  2907 | D:3      | Paralysed by Grinder for 3 turns
  2912 | D:3      | HP: 5/53 [Grinder (11)]
  2912 | D:3      | HP: 1/53 [Grinder (4)]
  2915 | D:3      | Slain by Grinder

Vanquished Creatures
  Sigmund (D:3)
  A scorpion (D:2)
  6 adders
  A dart slug (D:2)
  2 endoplasms (D:3)
  3 giant cockroaches
  A hobgoblin (D:1)
  2 jackals (D:2)
  2 quokkas (D:3)
  2 ball pythons (D:2)
  2 bats (D:2)
  A frilled lizard (D:2)
  4 goblins
  4 kobolds
  4 rats
36 creatures vanquished.

Table legend:
 A = Non-vault XP
 B = Vault XP
 C = Vault XP percentage of total XP
 D = Non-vault monster count
 E = Vault monster count
 F = Vault count percentage of total count
                 A         B        C        D         E       F
            +---------+---------+-------+---------+---------+-------
      Total |     200 |     219 |  52.3 |      32 |       4 |  11.1
            +---------+---------+-------+---------+---------+-------
        D:1 |      11 |       0 |   0.0 |       7 |       0 |   0.0
        D:2 |     128 |       1 |   0.8 |      16 |       1 |   5.9
        D:3 |      61 |     218 |  78.1 |       9 |       3 |  25.0
            +---------+---------+-------+---------+---------+-------

Illustrated notes

Table legend:
 A = Kills in this place as a percentage of kills in entire the game.
 B = Kills by you in this place as a percentage of kills by you in the entire game.
 C = Kills by friends in this place as a percentage of kills by friends in the entire game.
 D = Other kills in this place as a percentage of other kills in the entire game.
 E = Experience gained in this place as a percentage of experience gained in the entire game.
 F = Experience gained in this place divided by the number of levels of this place that you have seen.
                   A       B       C       D       E      F
               +-------+-------+-------+-------+-------+----------------------
         Total | 100.0 | 100.0 |   N/A |   N/A | 100.0 | 139.7
       Dungeon | 100.0 | 100.0 |   N/A |   N/A | 100.0 | 139.7
               +-------+-------+-------+-------+-------+----------------------

Table legend: (Time is in decaauts)
 A = Elapsed time spent in this place.
 B = Non-inter-level travel time spent in this place.
 C = Inter-level travel time spent in this place.
 D = Time resting spent in this place.
 E = Time spent auto-exploring this place.
 F = Levels seen in this place.
 G = Mean time per level.
                   A        B        C        D        E       F      G
               +--------+--------+--------+--------+--------+-----+--------+
         Total |   2931 |   2840 |     91 |    617 |   1620 |   3 |  977.0 |
       Dungeon |   2931 |   2840 |     91 |    617 |   1620 |   3 |  977.0 |
               +--------+--------+--------+--------+--------+-----+--------+

Top non-repeatable levels by time:
     D:2: 1403 daAuts
     D:1: 784 daAuts
     D:3: 743 daAuts
